 Dungeon Crawl Stone Soup version 0.28.0-47-ge53b351184 (webtiles) character file.

Game seed: 3442593973834709519

315 acdeimund the Conjurer (level 6, -11/41 HPs)
             Began as a Human Conjurer on Apr 29, 2022.
             Was an Initiate of Vehumet.
             Mangled by a two-headed ogre
             ... wielding a +0 giant club
              (18 damage)
             ... on level 4 of the Dungeon on May 1, 2022.
             The game lasted 00:23:34 (4892 turns).

acdeimund the Conjurer (Human Conjurer)             Turns: 4892, Time: 00:23:35

Health: -11/41     AC:  6    Str:  8    XL:     6   Next: 72%
Magic:  5/12       EV: 12    Int: 20    God:    Vehumet [......]
Gold:   58         SH:  0    Dex: 11    Spells: 5/14 levels left

rFire   . . .      SeeInvis .   g - +1 dagger
rCold   . . .      Faith    .   (no shield)
rNeg    . . .      Spirit   .   a - +1 robe
rPois   .          Reflect  .   (no helmet)
rElec   .          Harm     .   (no cloak)
rCorr   .          Rampage  .   i - +2 pair of gloves
Will    .....                   (no boots)
Stlth   ++........              (no amulet)
HPRegen 0.13/turn               (no ring)
MPRegen 0.13/turn               (no ring)

@: no status effects
A: no striking features
a: Renounce Religion


You were on level 4 of the Dungeon.
You worshipped Vehumet.
Vehumet was noncommittal.
You visited 2 branches of the dungeon, and saw 5 of its levels.

You collected 88 gold pieces.
You spent 30 gold pieces at shops.

Inventory:

Hand Weapons
 b - a +0 club
 g - a +1 dagger (weapon)
 j - a +0 dagger
 k - a +0 club
Armour
 a - a +1 robe (worn)
 i - a +2 pair of gloves (worn)
Scrolls
 c - a scroll of noise {unknown}
 n - a scroll of torment {unknown}
Potions
 d - a potion of might
 e - a potion of haste
 f - 6 potions of curing
 h - a potion of invisibility {unknown}
 l - a potion of resistance {unknown}
 m - a potion of lignification {unknown}


   Skills:
 - Level 2.0 Dodging
 - Level 2.0 Stealth
 + Level 4.5 Spellcasting
 + Level 6.0 Conjurations


You had 5 spell levels left.
You knew the following spells:

 Your Spells              Type           Power      Damage    Failure   Level
a - Magic Dart            Conj           100%       1d8       1%          1
b - Searing Ray           Conj           56%        2d6       1%          2
c - Dazzling Flash        Conj/Hex       32%        N/A       11%         3
d - Mephitic Cloud        Conj/Pois/Air  12%        N/A       16%         3

Your spell library contained the following spells:

 Spells                   Type           Power      Damage    Failure   Level
 Slow                     Hex            16%        N/A       12%         1
 Call Imp                 Summ           4%         N/A       19%         2
 Fulminant Prism          Conj/Hex       8%         3d7       34%         4
 Iskenderun's Mystic Bla  Conj/Tloc      16%        2d5       34%         4
 Confusing Touch          Hex            4%         N/A       36%         3
 Vampiric Draining        Necr           4%         2d6       36%         3


Dungeon Overview and Level Annotations

Branches:
Dungeon (4/15)             Temple (1/1) D:4

Altars:
Ashenzari
Cheibriados
Dithmenos
Elyvilon
Gozag
Hepliaklqana
Kikubaaqudgha
Makhleb
Nemelex Xobeh
Okawaru
Qazlal
Ru
Sif Muna
Trog
Uskayaw
Vehumet
Wu Jian
Xom
Yredelemnul
Zin
The Shining One

Shops:
D:2 !

Annotations:
D:3 2 runed translucent doors, Ijyb; ShadowYui's ghost, amateur HuFi


Message History

The magic dart hits the two-headed ogre.
The two-headed ogre is lightly wounded.
The two-headed ogre shouts in stereo!
Aiming: Magic Dart (safe; 1% risk of failure)
Press: ? - help, Q - select action, (/) - cycle Shift-Dir - straight line, f/p - two-headed ogre
Aim: a two-headed ogre, wielding two +0 giant clubs (lightly wounded, 100% to hit)
The magic dart hits the two-headed ogre.
The two-headed ogre is lightly wounded.
Aiming: Magic Dart (safe; 1% risk of failure)
Press: ? - help, Q - select action, (/) - cycle Shift-Dir - straight line, f/p - two-headed ogre
Aim: a two-headed ogre, wielding two +0 giant clubs (lightly wounded, 100% to hit)
The magic dart hits the two-headed ogre.
The two-headed ogre is moderately wounded.
Casting: Magic Dart (safe; 1% risk of failure)
Confirm with . or Enter, or press ? or * to list all spells.
Aiming: Searing Ray (safe; 1% risk of failure)
Press: ? - help, Shift-Dir - straight line, f/p - two-headed ogre
Aim: a two-headed ogre, wielding two +0 giant clubs (moderately wounded, 90% to hit)
The searing ray hits the two-headed ogre.
The two-headed ogre is moderately wounded. (Press . to maintain the ray.)
The searing ray hits the two-headed ogre!
The two-headed ogre is heavily wounded.
The two-headed ogre closely misses you. x2
Unknown command.
The searing ray misses the two-headed ogre.
Unknown command.
The searing ray hits the two-headed ogre!
The two-headed ogre is severely wounded.
You finish channelling your searing ray.
The two-headed ogre closely misses you.
The two-headed ogre hits you with a +0 giant club.
Unknown command.
The two-headed ogre hits you with a +0 giant club!!
Ouch! That really hurt!
The two-headed ogre hits you with a +0 giant club!
* * * LOW HITPOINT WARNING * * *
Unknown command.
The two-headed ogre hits you with a +0 giant club!!
You die...

.......... ........#
.......# .. #......######
... #...........# .... ..
#...........###..... ...
######.........#......####.
.........#O...............##
...........@..............##
...........####.............
...........# #.............
...####....# #..........#..
... #....# #..........#.. ..
###### #..........###
#..........# ##.####....#
#.......#.#


You could see a two-headed ogre.

Vanquished Creatures
  An ogre (D:4)
  A jelly (D:4)
  A bullfrog skeleton (D:4)
  5 gnolls
  An ufetubus (D:4)
  3 worms (D:2)
  A dart slug (D:1)
  3 orcs (D:3)
  5 bats
  11 endoplasms
  4 giant cockroaches
  19 goblins
  11 hobgoblins
  3 kobolds
  3 quokkas
  7 ball pythons
  4 frilled lizards
  A quokka skeleton (D:4)
  5 rats
89 creatures vanquished.

Notes
Turn   | Place    | Note
-------+----------+-------------------------------------------
     0 | D:1      | acdeimund the Human Conjurer began the quest for the Orb.
     0 | D:1      | Reached XP level 1. HP: 13/13 MP: 3/3
   341 | D:1      | Reached XP level 2. HP: 19/19 MP: 0/5
   347 | D:1      | Learned a level 2 spell: Searing Ray
   680 | D:1      | Reached XP level 3. HP: 24/24 MP: 0/6
   684 | D:1      | Learned a level 3 spell: Dazzling Flash
  1227 | D:1      | Reached XP level 4. HP: 30/30 MP: 5/8
  1556 | D:2      | Found Niuthob's Distillery.
  1785 | D:2      | Bought a potion of curing for 30 gold pieces
  2373 | D:2      | Reached skill level 5 in Conjurations
  2608 | D:2      | Reached XP level 5. HP: 35/35 MP: 7/10
  3564 | D:3      | Noticed Ijyb
  3581 | D:3      | Found a large runed translucent door.
  3581 | D:3      | Found a large runed translucent door.
  3583 | D:3      | Noticed ShadowYui's ghost (amateur HuFi)
  4260 | D:4      | Reached XP level 6. HP: 17/41 MP: 2/12
  4442 | D:4      | Noticed an ogre
  4472 | D:4      | Killed an ogre
  4473 | D:4      | Reached skill level 6 in Conjurations
  4524 | D:4      | Learned a level 3 spell: Mephitic Cloud
  4625 | D:4      | Found a staircase to the Ecumenical Temple.
  4634 | Temple   | Entered the Ecumenical Temple
  4756 | Temple   | Became a worshipper of Vehumet
  4879 | D:4      | Noticed a two-headed ogre
  4892 | D:4      | Mangled by a two-headed ogre

Illustrated notes

Levels and vault maps discovered:
D:1:      scummos_arrival_gate, layout_basic
D:2:      layout_rooms, serial_shops, nicolae_square_shop, minmay_goblin_outpost
D:3:      layout_loops_corners, ebering_ghost_disaster_area, uniq_ijyb
D:4:      layout_basic, minmay_temple_entry_drinking_statues
Temple:   kilobyte_greek_temple

Skill      XL: |  1  2  3  4  5  6 |
---------------+-------------------+-----
Spellcasting   | 3 4 |  4.5
Conjurations   | 5 6 |  6.0
Dodging        | |  2.0
Stealth        | |  2.0

Action                   |  1- 3 |  4- 6 || total
-------------------------+-------+-------++-------
Melee: Club              |    12 |       ||    12
       Dagger            |    31 |    26 ||    57
 Cast: Magic Dart        |    48 |   109 ||   157
       Searing Ray       |     2 |    13 ||    15
  Use: Scroll            |       |     6 ||     6
 Stab: Sleeping          |     1 |       ||     1
Armor: Robe              |    12 |    11 ||    23
Dodge: Dodged            |    24 |    22 ||    46
